 Dungeon Crawl Stone Soup version 0.29.1-2-gbd0b4ee654 (webtiles) character file.

Game seed: 7012819176157580058

5400 croobank the Chiller (level 10, -32/81 HPs)
             Began as a Demigod Ice Elementalist on Nov 28, 2022.
             Annihilated by a two-headed ogre
             ... wielding a +0 giant club
              (35 damage)
             ... on level 9 of the Dungeon.
             The game lasted 00:30:07 (12172 turns).

croobank the Chiller (Demigod Ice Elementalist)    Turns: 12172, Time: 00:30:08

Health: -32/81     AC: 10    Str:  9    XL:     10   Next: 17%
Magic:  16/22      EV: 12    Int: 29    God:
Gold:   511        SH:  5    Dex: 14    Spells: 6/20 levels left

rFire   . . .      SeeInvis .   a - +3 short sword (drain)
rCold   . . .      Faith    .   (no shield)
rNeg    . . .      Spirit   .   D - quicksilver dragon scales
rPois   .          Reflect  +   m - +0 helmet
rElec   .          Harm     .   (no cloak)
rCorr   +          Rampage  .   (no gloves)
Will    +++..                   (no boots)
Stlth   +++.......              n - amulet of reflection
HPRegen 0.23/turn               k - ring of willpower
MPRegen 0.18/turn               v - ring of resist corrosion

@: freezing walls, studying Ranged Weapons
A: high MP 1, forlorn, divine attributes
a: no special abilities


You were on level 9 of the Dungeon.
You visited 1 branch of the dungeon, and saw 9 of its levels.

You collected 599 gold pieces.
You spent 88 gold pieces at shops.

Inventory:

Hand Weapons
 a - a +3 short sword of draining (weapon)
 b - a +2 shortbow of flaming
 F - a +2 dagger of draining
 I - a +1 dagger of chaos
Missiles
 A - 3 datura-tipped darts
 G - a curare-tipped dart
Armour
 j - a +0 robe
 m - a +0 helmet (worn)
 D - quicksilver dragon scales (worn)
Magical Staves
 c - a staff of earth
 J - a staff of air
Jewellery
 k - a ring of willpower (left hand)
 n - an amulet of reflection (around neck)
 q - a ring of flight
 u - a ring of fire
 v - a ring of resist corrosion (right hand)
 B - a ring of willpower
Wands
 s - a wand of mindburst (10)
 z - a wand of digging (1)
 E - a wand of charming (10)
Scrolls
 g - 3 scrolls of immolation
 i - 5 scrolls of teleportation
 l - 2 scrolls of identify
 w - 2 scrolls of magic mapping
 y - 3 scrolls of vulnerability
 H - a scroll of amnesia
 M - 3 scrolls of silence {unknown}
Potions
 d - 2 potions of heal wounds
 e - 7 potions of brilliance
 h - 2 potions of flight
 o - 6 potions of curing
 p - a potion of berserk rage
 r - a potion of mutation
 t - 2 potions of cancellation
 x - 3 potions of haste
 C - 2 potions of might {unknown}
 K - a potion of magic
 L - a potion of attraction {unknown}


   Skills:
 * Level 5.3 Fighting
 * Level 3.5 Ranged Weapons
 * Level 6.1 Dodging
 * Level 6.7 Stealth
 * Level 5.7 Spellcasting
 * Level 0.0 Conjurations
 * Level 4.7 Transmutations
 * Level 7.0 Ice Magic


You had 6 spell levels left.
You knew the following spells:

 Your Spells              Type           Power      Damage    Failure   Level
a - Freeze                Ice            100%       1d11      1%          1
b - Frozen Ramparts       Ice            96%        1d15      2%          3
c - Beastly Appendage     Tmut           70%        N/A       2%          1
d - Wereblood             Tmut           35%        N/A       3%          2
e - Ozocubu's Armour      Ice            48%        N/A       2%          3
f - Hailstorm             Conj/Ice       28%        3d8       36%         4

Your spell library contained the following spells:

 Spells                   Type           Power      Damage    Failure   Level
 Spider Form              Tmut/Pois      21%        N/A       19%         3
 Call Canine Familiar     Summ           8%         N/A       43%         3
 Portal Projectile        Hex/Tloc       16%        N/A       43%         3
 Summon Guardian Golem    Hex/Summ       8%         N/A       43%         3
 Airstrike                Air            4%         2d(1-17)  85%         4
 Leda's Liquefaction      Hex/Erth       4%         N/A       85%         4
 Summon Lightning Spire   Summ/Air       8%         N/A       85%         4
 Lightning Bolt           Conj/Air       4%         1d15      99%         5
 Manifold Assault         Tloc           8%         N/A       99%         5
 Discord                  Hex            4%         N/A       100%        8


Dungeon Overview and Level Annotations

Branches:
Dungeon (9/15)             Temple (0/1) D:4            Lair (0/5) D:8
    Orc: D:9-12

Shops:
D:1 =   D:2 [   D:4 !:   D:7 [

Annotations:
D:3 1 runed translucent door, KittyFluff's ghost, amateur GrBe


Innate Abilities, Weirdness & Mutations

You have an increased reservoir of magic. (+10% MP)
You shall have no god before yourself.
Your divine heritage dramatically boosts your attributes as you level up.


Message History

Casting: Freeze (safe; 1% risk of failure)
Confirm with . or Enter, or press ? or * to list all spells.
Aiming: Freeze (safe; 1% risk of failure)
Press: ? - help, Shift-Dir - straight line, f/p - two-headed ogre
Aim: a two-headed ogre, wielding two +0 giant clubs (moderately wounded)
You freeze the two-headed ogre.
The two-headed ogre is heavily wounded.
The two-headed ogre hits you with a +0 giant club!
* * * LOW HITPOINT WARNING * * *
You block the two-headed ogre's attack.
You feel much better.
The wall freezes the kobold but does no damage.
Do you really want to go berserk while wielding your +2 shortbow of flaming?
Okay, then.
Your +2 shortbow of flaming stops flaming.
You sense an unholy aura.
a - a +3 short sword of draining (weapon)
The two-headed ogre hits you with a +0 giant club!
The two-headed ogre hits you with a +0 giant club!!
* * * LOW HITPOINT WARNING * * *
You feel much better.
The wall freezes the kobold!
You kill the kobold!
Casting: Freeze (safe; 1% risk of failure)
Confirm with . or Enter, or press ? or * to list all spells.
Aiming: Freeze (safe; 1% risk of failure)
Press: ? - help, Shift-Dir - straight line, f/p - two-headed ogre
Aim: a two-headed ogre, wielding two +0 giant clubs (heavily wounded)
You freeze the two-headed ogre.
The two-headed ogre is heavily wounded.
The two-headed ogre closely misses you.
The two-headed ogre hits you with a +0 giant club!!
* * * LOW HITPOINT WARNING * * *
The wall freezes the kobold!
You kill the kobold!
Okay, then.
As you read the scroll of fear, it crumbles to dust.
You assume a fearsome visage.
The two-headed ogre resists with some effort.
The two-headed ogre hits you with a +0 giant club!!
You die...

. .. ... K... ...... #
########...... .#
#.).).......$. .#
#@O........... .#
#)............ .#
###...........# .#
#.............# .####
#.............# .'..###
#.............. )##'#.#
#..............
).....#########............
)............###.#........


You could see a two-headed ogre.

Vanquished Creatures
  Prince Ribbit (D:8)
  A wyvern (D:8)
  14 yaks
  A basilisk (D:8)
  A steam dragon (D:7)
  An acid dragon (D:8)
  3 ice beasts
  A sky beast (D:7)
  2 black bears
  3 centaurs
  2 ogres (D:4)
  A kobold brigand (D:7)
  A gnoll sergeant (D:9)
  2 bullfrogs
  6 scorpions
  5 killer bees (D:8)
  An electric eel (D:7)
  2 howler monkeys (D:5)
  4 crimson imps (D:8)
  3 orc priests
  3 hounds
  3 jellies
  6 iguanas
  3 orc wizards
  4 gnolls (D:9)
  3 adders
  2 white imps (D:8)
  A worm (D:2)
  4 dart slugs
  21 orcs
  2 ball pythons
  7 bats
  4 endoplasms
  3 giant cockroaches
  8 goblins
  5 hobgoblins
  2 jackals (D:4)
  2 quokkas
  4 frilled lizards
  19 kobolds
  9 rats
170 creatures vanquished.

Vanquished Creatures (collateral kills)
  A quokka (D:4)
1 creature vanquished.

Grand Total: 171 creatures vanquished

Notes
Turn   | Place    | Note
-------+----------+-------------------------------------------
     0 | D:1      | croobank the Demigod Ice Elementalist began the quest for
                  | the Orb.
     0 | D:1      | Reached XP level 1. HP: 14/14 MP: 5/5
   385 | D:1      | Reached XP level 2. HP: 17/20 MP: 2/7
  1180 | D:1      | Found Orhyus's Jewellery Shoppe.
  1462 | D:2      | Reached XP level 3. HP: 10/26 MP: 4/8
  2094 | D:2      | Learned a level 3 spell: Frozen Ramparts
  2273 | D:2      | Reached skill level 4 in Ice Magic
  2530 | D:2      | Found Daufianu's Antique Armour Emporium.
  2792 | D:2      | Learned a level 2 spell: Wereblood
  3575 | D:3      | Noticed a scorpion
  3581 | D:3      | Killed a scorpion
  3582 | D:3      | Reached XP level 4. HP: 25/33 MP: 3/10
  3758 | D:3      | Learned a level 1 spell: Beastly Appendage
  3774 | D:3      | Found a runed translucent door.
  3776 | D:3      | Noticed KittyFluff's ghost (amateur GrBe)
  5093 | D:4      | Reached XP level 5. HP: 25/38 MP: 5/12
  5309 | D:4      | Noticed an ogre
  5324 | D:4      | Killed an ogre
  5325 | D:4      | Reached XP level 6. HP: 45/45 MP: 7/13
  5417 | D:4      | Found Ytack's Book Boutique.
  5453 | D:4      | Found Leliofi's Distillery.
  5514 | D:4      | Bought a potion of berserk rage for 55 gold pieces
  5514 | D:4      | Bought a potion of curing for 33 gold pieces
  5793 | D:4      | Found a staircase to the Ecumenical Temple.
  5911 | D:5      | Entered Level 5 of the Dungeon
  5996 | D:5      | Reached skill level 5 in Ice Magic
  6190 | D:5      | Reached XP level 7. HP: 43/51 MP: 6/15
  6219 | D:5      | Reached skill level 1 in Fighting
  7094 | D:6      | Reached skill level 1 in Transmutations
  7410 | D:6      | HP: 1/55 [ice beast (12)]
  7955 | D:6      | Got Umme Nay's Grimoire of Dislocated Execration
  7960 | D:6      | Learned a level 3 spell: Ozocubu's Armour
  7987 | D:6      | Reached XP level 8. HP: 25/62 MP: 12/17
  8695 | D:7      | Reached skill level 5 in Stealth
  8755 | D:7      | Found Zorph's Antique Armour Boutique.
  9373 | D:8      | Reached skill level 1 in Ranged Weapons
  9427 | D:8      | Noticed Prince Ribbit
  9432 | D:8      | Killed Prince Ribbit
  9433 | D:8      | Reached skill level 5 in Dodging
  9433 | D:8      | Reached skill level 6 in Ice Magic
  9513 | D:8      | Reached XP level 9. HP: 56/71 MP: 12/19
  9732 | D:8      | Found a staircase to the Lair.
  9893 | D:8      | Reached skill level 5 in Spellcasting
 10503 | D:7      | HP: 3/73 [yak (8)]
 10515 | D:7      | Reached skill level 5 in Fighting
 11680 | D:9      | Reached XP level 10. HP: 58/81 MP: 14/22
 11954 | D:9      | Reached skill level 7 in Ice Magic
 12118 | D:9      | Learned a level 4 spell: Hailstorm
 12149 | D:9      | Noticed a two-headed ogre
 12171 | D:9      | HP: 3/81 [two-headed ogre/+0 giant club (26)]
 12172 | D:9      | Annihilated by a two-headed ogre

Illustrated notes

Levels and vault maps discovered:
D:1:      tarquinn_simple_flora_water_b, layout_loops_ring, serial_shops,
          nicolae_lakefront_shop
D:2:      layout_loops_corners, chequers_ecumenical_altar_island, basic_altar,
          serial_shops, nicolae_square_shop, minmay_pentomino_s4
D:3:      layout_loops_corners, ebering_ghost_inner_flame, serial_park_tiny_2
D:4:      layout_basic, mainiacjoe_overflow_concentric_impassable,
          minmay_temple_entry_nine_rooms, serial_shops, nicolae_shop_crystal,
          nicolae_shop_advertising_works [nicolae_subvault_shop_adworks]
D:5:      layout_layer_cave, mainiacjoe_overflow_boulevard,
          nicolae_wu_jian_immortal_techniques, dreamdust_wishing_well,
          minmay_misc_feat_tiny
D:6:      layout_basic
D:7:      layout_rooms, kennysheep_mini_moat, serial_shops,
          nicolae_inconvenience_store, minmay_misc_feat_alley,
          grunt_decor_one_mirror, nicolae_underground_beach
D:8:      layout_rooms, led_xom_imps, david_lair_generic, uniq_prince_ribbit1
D:9:      minmay_sliced_demisemicircle, layout_basic, general_overflow_altar,
          zin_angel

Skill      XL: |  1  2  3  4  5  6  7  8  9 10 |
---------------+-------------------------------+-----
Dodging        | 2 3 4 5 6 |  6.1
Stealth        | 2 3 4 5 6 |  6.7
Spellcasting   | 2 3 4 5 |  5.7
Ice Magic      | 4 5 6 7 |  7.0
Fighting       | 2 4 5 |  5.3
Transmutations | 1 3 4 |  4.7
Ranged Weapons | 1 3 |  3.5

Action                   |  1- 3 |  4- 6 |  7- 9 | 10-12 || total
-------------------------+-------+-------+-------+-------++-------
Melee: Dagger            |    18 |    24 |       |       ||    42
       Kick              |       |     4 |       |       ||     4
       Headbutt          |       |     2 |       |       ||     2
       Short sword       |       |     5 |    50 |    10 ||    65
       Punch             |       |       |     1 |       ||     1
 Fire: Shortbow          |       |       |       |    17 ||    17
 Cast: Freeze            |    65 |    28 |   101 |     5 ||   199
       Frozen Ramparts   |     5 |    16 |    37 |     3 ||    61
       Beastly Appendage |       |     4 |       |       ||     4
       Wereblood         |       |     3 |       |       ||     3
       Ozocubu's Armour  |       |       |     1 |       ||     1
Evoke: Wand              |       |     1 |     9 |       ||    10
  Use: Scroll            |     1 |    12 |     6 |     1 ||    20
       Potion            |       |       |     1 |     2 ||     3
 Stab: Sleeping          |     8 |     1 |     2 |       ||    11
Armor: Robe              |     8 |     5 |     9 |       ||    22
       Quicksilver drago |       |       |    33 |     6 ||    39
Dodge: Dodged            |    31 |    42 |    78 |    16 ||   167
Block: Other             |     4 |    17 |    36 |     6 ||    63
       Reflection        |       |       |     3 |     1 ||     4
